 Dungeon Crawl Stone Soup version 0.30-b1-2-g02819fbbbe (webtiles) character file.

Game seed: 10056439198567477089

2870 Dirian the Devout (level 9, -1/67 (78) HPs)
             Began as a Minotaur Monk on May 11, 2023.
             Was a Priest of Zin.
             Slain by Maggie
             ... wielding a +2 scimitar of draining
              (6 damage)
             ... on level 6 of the Dungeon.
             The game lasted 00:11:29 (5636 turns).

Dirian the Devout (Minotaur Monk)                   Turns: 5636, Time: 00:11:30

HP:   -1/67 (78)    AC: 15    Str: 20    XL:     9   Next: 47%
MP:   17/17         EV: 10    Int:  7    God:    Zin [***...]
Gold: 124           SH:  7    Dex: 13    Spells: 8/8 levels left

rFire   . . .        p - +0 long sword (protect)
rCold   . . .        s - +3 buckler
rNeg    . . .        u - +0 scale mail
rPois   .            (helmet restricted)
rElec   .            y - +0 cloak
rCorr   .            (no gloves)
SInv    .            (no boots)
Will    .....        (no amulet) Stlth
                     (no ring)
HPRegen 0.31/turn    (no ring)
MPRegen 0.15/turn

%: no passive effects
@: reciting, under a protective aura, mesmerised, heavily drained
A: horns 2, retaliatory headbutt
a: Renounce Religion, Recite, Vitalisation, Imprison, Donate Gold


You were on level 6 of the Dungeon.
You worshipped Zin.
Zin was most pleased with you.
You visited 2 branches of the dungeon, and saw 7 of its levels.
You also visited: Sewer and Ossuary.

You collected 325 gold pieces.
You spent 169 gold pieces at shops.
You donated 32 gold pieces to Zin.

Inventory:

Hand Weapons
 a - a +0 falchion
 p - a +0 long sword of protection (weapon)
Missiles
 l - a throwing net (quivered)
Armour
 d - an orb of light
 g - a +0 chain mail
 s - a +3 buckler (worn)
 u - a +0 scale mail (worn)
 y - a +0 cloak (worn)
Wands
 n - a wand of roots (6)
 x - a wand of flame (18)
Scrolls
 i - 2 scrolls of magic mapping
 j - a scroll of enchant weapon {unknown}
 o - a scroll of summoning {unknown}
 t - 2 scrolls of teleportation
 v - a scroll of enchant armour
 z - a scroll of blinking
Potions
 b - 3 potions of mutation
 c - a potion of ambrosia
 e - a potion of resistance {unknown}
 f - 2 potions of attraction
 h - 3 potions of haste
 k - 3 potions of cancellation {unknown}
 m - 2 potions of invisibility {unknown}
 q - 3 potions of curing
 r - a potion of magic {unknown}
 w - 2 potions of heal wounds
 A - a potion of flight


   Skills:
 + Level 6.4 Fighting
 + Level 8.4 Long Blades
 * Level 6.1 Armour
 - Level 3.2 Dodging
 + Level 2.2 Shields
 + Level 12.4 Invocations


You had 8 spell levels left.
You didn't know any spells.
Your spell library contained the following spells:

 Spells                   Type           Power      Damage    Failure   Level
 Summon Small Mammal      Summ           0%         N/A       83%         1
 Call Canine Familiar     Summ           0%         N/A       99%         3
 Summon Guardian Golem    Hex/Summ       0%         N/A       99%         3


Dungeon Overview and Level Annotations

Branches:
Dungeon (6/15) Zot: 26940  Temple (1/1) D:4 Zot: 5941   Sewer (visited)
Ossuary (visited)

Altars:
Dithmenos
Fedhas
Gozag
Hepliaklqana
Kikubaaqudgha
Makhleb
Nemelex Xobeh
Ru
Sif Muna
Vehumet
Wu Jian
Xom
Zin

Shops:
D:5 !   D:6 [

Annotations:
D:6 Blork the orc, Maggie


Innate Abilities, Weirdness & Mutations

You have a pair of horns on your head.
You reflexively headbutt those who attack you in melee.


Message History

The centaur hits you but does no damage.
The centaur closely misses you. Maggie hits you but does no damage.
You feel drained.
You hit the centaur.
The centaur is almost dead.
The centaur barely misses you. You furiously retaliate!
You headbutt the centaur!
You kill the centaur!
Blork the orc comes into view.
He is wielding a +0 mace.
Maggie shouts, "Leave me alone!"
Maggie hits you with a +2 scimitar of draining!
You feel drained.
You closely miss Maggie.
Maggie is severely wounded.
Blork the orc shouts!
Maggie misses you. You furiously retaliate!
You headbutt Maggie, but do no damage. You hit Maggie.
Maggie is almost dead.
Maggie gestures wildly while chanting.
Maggie attempts to bespell you!
You are mesmerised by Maggie!
You barely miss Maggie. You headbutt Maggie.
Maggie is almost dead.
You block Maggie's attack.
You barely miss Maggie.
Maggie is almost dead.
Maggie barely misses you.
You slash Maggie!
Maggie is almost dead.
Maggie hits you with a +2 scimitar of draining!
* * * LOW HITPOINT WARNING * * *
You feel drained.
* * * LOW HITPOINT WARNING * * *
Activating: Recite (0% risk of failure)
Press: ? - help, Dir - look around, f - activate You clear your throat and prepare to recite. "It was the word of Zin that there would not be blasphemy..."
Maggie hits you with a +2 scimitar of draining.
You die...

#.##...........
.............
....... ..........##
.......
#........##.....#
#...............#
##.......#......#
#..<##).##....#
#.....o@#.....##..
#....##@)..)......
#.......(.........
.......#.)#.......#.
.....#.####.......#
.....### #.....∩.#
...#.. ...!..##.#
..#. ......# .
.......#


You could see Maggie (mesmerising) and Blork the orc.

Vanquished Creatures
  Pikel (D:5)
  Sigmund (D:3)
  Menkaure (Ossuary)
  2 black bears (D:5)
  An ice beast (D:4)
  A centaur (D:6)
  4 lemures (D:5)
  2 phantoms
  2 bullfrogs (Sewer)
  4 scorpions
  5 killer bees (D:5)
  A sleepcap (D:4)
  2 hounds
  Crazy Yiuf (D:5)
  Ijyb (D:3)
  A gnoll bouda (D:6)
  3 iguanas
  3 mummies (Ossuary)
  7 gnolls
  15 adders
  7 river rats
  A white imp (D:5)
  An ufetubus (D:6)
  4 worms
  6 dart slugs
  8 orcs
  4 endoplasms
  4 giant cockroaches
  7 goblins
  6 hobgoblins
  10 kobolds
  6 quokkas
  22 ball pythons
  5 bats
  5 frilled lizards
  2 gnoll skeletons (Ossuary)
  5 gnoll zombies (Ossuary)
  5 goblin skeletons (Ossuary)
  3 goblin zombies (Ossuary)
  2 hobgoblin skeletons (Ossuary)
  5 hobgoblin zombies (Ossuary)
  6 kobold skeletons (Ossuary)
  4 kobold zombies (Ossuary)
  4 orc skeletons (Ossuary)
  5 orc zombies (Ossuary)
  25 rats
  6 rat skeletons (Ossuary)
  3 rat zombies (Ossuary)
229 creatures vanquished.

Vanquished Creatures (others)
  A fungus (D:5)
1 creature vanquished.

Grand Total: 230 creatures vanquished

Notes
Turn   | Place    | Note
-------+----------+-------------------------------------------
     0 | D:1      | Dirian the Minotaur Monk began the quest for the Orb.
     0 | D:1      | Reached XP level 1. HP: 19/19 MP: 0/0
   271 | D:1      | Reached XP level 2. HP: 23/27 MP: 1/1
   276 | D:1      | Reached skill level 1 in Armour
   655 | D:2      | Reached XP level 3. HP: 19/33 MP: 2/2
   996 | D:2      | Reached XP level 4. HP: 41/41 MP: 3/3
  1230 | D:2      | Reached skill level 5 in Long Blades
  1516 | D:3      | Noticed Sigmund
  1529 | D:3      | Killed Sigmund
  1530 | D:3      | Reached skill level 5 in Fighting
  1530 | D:3      | Reached XP level 5. HP: 23/48 MP: 4/4
  1672 | D:3      | Reached XP level 6. HP: 56/56 MP: 5/5
  1788 | D:3      | Noticed Ijyb
  1799 | D:3      | Killed Ijyb
  1938 | D:3      | Found a faded altar of an unknown god.
  2398 | D:3      | Reached skill level 12 in Invocations
  2398 | D:3      | Reached XP level 7. HP: 61/61 MP: 5/15
  2476 | D:4      | Found a sand-covered staircase.
  2485 | Ossuary  | Entered an ossuary
  2852 | Ossuary  | Noticed Menkaure
  2867 | Ossuary  | Killed Menkaure
  3154 | D:4      | Reached XP level 8. HP: 11/69 MP: 16/16
  3599 | D:4      | Found an ornate altar of the Wu Jian Council.
  3899 | D:4      | Found a staircase to the Ecumenical Temple.
  3954 | Temple   | Entered the Ecumenical Temple
  4001 | Temple   | Became a worshipper of Zin the Law-Giver
  4001 | Temple   | Reached * piety under Zin
  4001 | Temple   | Reached ** piety under Zin
  4001 | Temple   | Reached *** piety under Zin
  4120 | D:4      | Found an opulent altar of Gozag.
  4366 | D:5      | Entered Level 5 of the Dungeon
  4366 | D:5      | Noticed Pikel
  4393 | D:5      | Reached skill level 1 in Shields
  4418 | D:5      | Killed Pikel
  4419 | D:5      | Reached skill level 5 in Armour
  4451 | D:5      | Reached XP level 9. HP: 30/75 MP: 15/17
  4530 | D:5      | Found a glowing drain.
  4535 | Sewer    | Entered a sewer
  5138 | D:5      | Found Ysirghegi's Distillery.
  5146 | D:5      | Bought a potion of flight for 39 gold pieces
  5146 | D:5      | Bought a potion of haste for 130 gold pieces
  5538 | D:5      | Found a runed translucent door.
  5539 | D:5      | Noticed Crazy Yiuf
  5546 | D:5      | Killed Crazy Yiuf
  5583 | D:6      | Found Soptet's Antique Armour Shop.
  5588 | D:6      | Noticed Maggie
  5630 | D:6      | Noticed Blork the orc
  5636 | D:6      | Slain by Maggie

Illustrated notes

Levels and vault maps discovered:
D:1:      dpeg_arrival_orchard, layout_basic, hangedman_glass_teeth
D:2:      layout_loops_ring, st_stairs_13, wander_ebering_terrifying_dragon_lair
D:3:      layout_loops_ring, shapermc_ecumenical_altar_mp_ritualfount,
          grunt_decor_mini_mirrors, uniq_sigmund, uniq_ijyb
D:4:      minmay_spotlight, layout_basic, nzn_wu_jian_council_hall,
          general_overflow_altar, minmay_temple_entry_steel_oval,
          nicolae_ossuary_entry_monument, minmay_pentangle
D:5:      layout_rooms, serial_shops, nicolae_shop_industrial_runoff,
          lightli_sewer_entry_pipes, hangedman_decor_slide_cut, uniq_pikel,
          uniq_crazy_yiuf_cottage
D:6:      layout_cave_pools, nicolae_qazlal_eye_of_the_storm, serial_shops,
          shop, corexii_item_surrounded_by_moat, minivault_26, uniq_maggie,
          uniq_blork_the_orc, uniq_grinder
Temple:   nicolae_temple_great_sept

Skill      XL: |  1  2  3  4  5  6  7  8  9 |
---------------+----------------------------+-----
Armour         | 1 2 3 4 5 6 |  6.1
Fighting       | 4 5 6 |  6.4
Long Blades    | 4 6 7 8 |  8.4
Invocations    | 12 | 12.4
Shields        | 1 2 |  2.2
Dodging        | |  3.2

Action                     |  1- 3 |  4- 6 |  7- 9 || total
---------------------------+-------+-------+-------++-------
  Melee: Falchion          |    50 |    59 |   216 ||   325
         Headbutt          |    14 |    16 |   107 ||   137
         Long sword        |       |       |   299 ||   299
 Invoke: Recite            |       |       |     6 ||     6
         Vitalisation      |       |       |     4 ||     4
    Use: Scroll            |       |    10 |     6 ||    16
         Potion            |       |     1 |     6 ||     7
   Stab: Confused          |       |       |     2 ||     2
         Paralysed         |       |       |     1 ||     1
 Armour: Robe              |     5 |       |       ||     5
         Leather armour    |     3 |     9 |       ||    12
         Ring mail         |       |     3 |    57 ||    60
         Scale mail        |       |       |   194 ||   194
  Dodge: Dodged            |    33 |    37 |   283 ||   353
  Block: Buckler           |       |       |   174 ||   174
